 Dungeon Crawl Stone Soup version 0.31.0-1-g2c135a008e (webtiles) character file.

Game seed: 923061973270855352

210 qw the Shooter (level 6, -1/46 HPs)
             Began as a Djinni Hunter on Jan 23, 2024.
             Slain by a water moccasin (5 damage)
             ... on level 3 of the Dungeon.
             The game lasted 00:00:08 (1907 turns).

qw the Shooter (Djinni Hunter)                      Turns: 1907, Time: 00:00:09

Health: -1/46      AC:  6    Str: 10    XL:     6   Next: 12%
Gold:   130        EV: 11    Int: 10    God:
                   SH:  0    Dex: 19

rFire   + + .        a - +2 shortbow
rCold   x . .        (shield currently unavailable)
rNeg    . . .        g - +0 ring mail
rPois   inf          (no helmet)
rElec   .            d - +0 cloak
rCorr   .            (no gloves)
SInv    .            (boots unavailable)
Will    .....        j - amulet of the acrobat
Stlth   +            (no ring)
HPRegen 0.27/turn    (no ring)
MPRegen 0.00/turn

%: acrobat, infuse magic (-2 HP)
@: flying
A: sickness immunity, fire resistance 2, cold vulnerability 1, float, innate
caster, HP casting, extra vitality 1
a: no special abilities


You were on level 3 of the Dungeon.
You visited 1 branch of the dungeon, and saw 3 of its levels.

You collected 130 gold pieces.


Innate Abilities, Weirdness & Mutations

You are immune to sickness and miasma.
You are immune to poison.
Your flesh is very heat resistant. (rF++)
You are vulnerable to cold. (rC-)
You float through the air rather than walking.
You learn spells naturally, not from books.
Your magical power is your life essence.
You have superior vitality. (+4 MHP)


   Skills:
 - Level 3.5 Fighting
 + Level 4.7 Ranged Weapons
 - Level 1.9 Armour
 - Level 2.3 Dodging
 - Level 0.7 Stealth


You knew the following spells:

 Your Spells              Type           Power      Damage    Failure   Level
a - Magic Dart            Conj           0%         1d3       67%         1
b - Ensorcelled Hibernat  Hex/Ice        0%         N/A       82%         2
Your spell library was empty.

Inventory:

Hand Weapons
 a - a +2 shortbow (weapon)
Armour
 d - a +0 cloak (worn)
 g - a +0 ring mail (worn)
 m - a +0 helmet
Jewellery
 j - an amulet of the acrobat (around neck)
Scrolls
 f - a scroll of poison {unknown}
 h - a scroll of fog {unknown}
 k - a scroll of blinking {unknown}
 n - a scroll of amnesia {unknown}
Potions
 b - a potion of lignification {unknown}
 c - a potion of enlightenment {unknown}
 e - 2 potions of curing
 i - a potion of might {unknown}
 l - a potion of resistance {unknown}

Dungeon Overview and Level Annotations

Branches:
Dungeon (3/15)

Altars:
Fedhas

Annotations:
D:3 2 transporters, qw's ghost, amateur DjHu


Message History

You shoot an arrow.
The arrow closely misses the water moccasin.
The water moccasin bites you but does no damage.
The water moccasin bites you.
You shoot an arrow.
The arrow hits the water moccasin but does no damage.
The water moccasin is heavily wounded.
The water moccasin bites you but does no damage.
The water moccasin completely misses you.
You shoot an arrow.
The arrow barely misses the water moccasin.
The water moccasin bites you but does no damage.
The water moccasin bites you.
You shoot an arrow.
The arrow closely misses the water moccasin.
The water moccasin barely misses you. x2
You shoot an arrow. The arrow hits the water moccasin.
The water moccasin is severely wounded.
The water moccasin closely misses you. The water moccasin bites you.
You shoot an arrow.
The arrow hits the water moccasin but does no damage.
The water moccasin is severely wounded.
The water moccasin bites you but does no damage.
You shoot an arrow. The arrow misses the water moccasin.
The water moccasin barely misses you.
The water moccasin bites you but does no damage.
You shoot an arrow.
The arrow closely misses the water moccasin.
The water moccasin misses you. The water moccasin barely misses you.
You shoot an arrow. The arrow hits the water moccasin.
The water moccasin is severely wounded.
The water moccasin bites you! The water moccasin barely misses you.
You shoot an arrow.
The arrow hits the water moccasin but does no damage.
The water moccasin is severely wounded.
The water moccasin bites you. The water moccasin closely misses you.
You shoot an arrow.
The arrow barely misses the water moccasin.
The water moccasin bites you.
You die...

#.....#####..
....####.........
....####..#####..
................#
....####.......## ...
......?.##.# #.####.#
#>.#....##.#
#...S..###..#....##.#
#@.##..(#....##.#
#..##...+....+..#
#..##..##....#####
#..##....^....#...
#...........#.#...
#...######........
#...###.....#....#
#....[......#...##
#.#.#...###.#...#8


You could see a water moccasin.

Vanquished Creatures
  A jelly (D:3)
  Terence (D:3)
  Jessica (D:2)
  An orc wizard (D:3)
  4 adders
  4 dart slugs
  3 orcs (D:3)
  5 endoplasms
  2 giant cockroaches
  3 goblins
  4 hobgoblins
  4 jackals (D:2)
  2 quokkas
  5 ball pythons
  8 bats
  4 frilled lizards
  7 kobolds
  2 rats
61 creatures vanquished.

Notes
Turn   | Place    | Note
-------+----------+-------------------------------------------
     0 | D:1      | qw the Djinni Hunter began the quest for the Orb.
     0 | D:1      | Reached XP level 1. HP: 18/18 MP: 0/0
     0 | D:1      | 0 ||| qw: Version: 0.3-a-135-gb77e89d
     0 | D:1      | 0 ||| qw: Game counter: 856
     0 | D:1      | 0 ||| qw: Melee chars always use a shield: true
     0 | D:1      | 0 ||| qw: God list: Okawaru
     0 | D:1      | 0 ||| qw: Allow faded altars: false
     0 | D:1      | 0 ||| qw: Do Orc after clearing Dungeon:15 true
     0 | D:1      | 0 ||| qw: Do second Lair branch before Depths: true
     0 | D:1      | 0 ||| qw: Lair rune preference: random
     0 | D:1      | 0 ||| qw: Goals: Normal
     0 | D:1      | 0 ||| PLANNING D:1-11
    49 | D:1      | Reached XP level 2. HP: 23/23 MP: 0/0
   600 | D:1      | Reached XP level 3. HP: 28/28 MP: 0/0
   600 | D:1      | Learned a level 1 spell: Magic Dart
   630 | D:1      | 630 ||| READING 2 scrolls labelled BYZISMYAVU.
   630 | D:1      | 630 ||| ENCHANTING +0 shortbow.
   631 | D:1      | 631 ||| READING scroll of enchant weapon.
   631 | D:1      | 631 ||| ENCHANTING +1 shortbow.
   632 | D:1      | 632 ||| READING scroll labelled XIJEAPLIHAL.
   633 | D:1      | 633 ||| READING scroll labelled JERHANUTOY.
   634 | D:1      | 634 ||| READING scroll labelled ZARGHU USONYNOFOT.
   635 | D:1      | 635 ||| DROPPING scroll of butterflies.
   658 | D:2      | 658 ||| STAIRDANCE
   661 | D:1      | Reached skill level 4 in Ranged Weapons
   797 | D:2      | Reached XP level 4. HP: 34/34 MP: 0/0
   935 | D:2      | Noticed Jessica
   938 | D:2      | Killed Jessica
   939 | D:2      | Reached skill level 3 in Fighting
   956 | D:2      | Found a blossoming altar of Fedhas.
  1141 | D:2      | 1141 ||| UPGRADING to +0 cloak.
  1146 | D:2      | 1146 ||| UPGRADING to +0 ring mail.
  1156 | D:2      | 1156 ||| DROPPING +0 leather armour.
  1157 | D:2      | 1157 ||| UPGRADING to amulet of the acrobat.
  1162 | D:2      | 1162 ||| READING scroll labelled ZUAV ESOEKYIF.
  1163 | D:2      | 1163 ||| READING scroll labelled FOSCHO DUAVVYB.
  1164 | D:2      | 1164 ||| DRINKING 3 smoky yellow potions.
  1267 | D:3      | Noticed Terence
  1270 | D:3      | 1270 ||| RETREEEEATING.
  1274 | D:3      | 1274 ||| RETREEEEATING.
  1276 | D:3      | 1276 ||| RETREEEEATING.
  1277 | D:3      | 1277 ||| RETREEEEATING.
  1279 | D:3      | Reached skill level 1 in Armour
  1279 | D:3      | Reached XP level 5. HP: 32/40 MP: 0/0
  1279 | D:3      | Learned a level 2 spell: Ensorcelled Hibernation
  1287 | D:3      | Killed Terence
  1349 | D:3      | Found a transporter.
  1352 | D:3      | Noticed qw's ghost (amateur DjHu)
  1386 | D:3      | Found a transporter.
  1411 | D:3      | Reached XP level 6. HP: 45/46 MP: 0/0
  1892 | D:3      | Noticed a water moccasin
  1905 | D:3      | HP: 7/46 [water moccasin (8)]
  1906 | D:3      | HP: 3/46 [water moccasin (4)]
  1907 | D:3      | Slain by a water moccasin

Levels and vault maps discovered:
D:1:      co_arrival_random_square_maze, layout_loops_ring
D:2:      layout_rooms, basic_altar, chequers_serial_rivers_micro_b,
          minmay_misc_feat_roman, uniq_jessica
D:3:      layout_basic, gammafunk_ghost_arena, hangedman_decor_push,
          minmay_misc_feat_hallway, uniq_terence

Skill      XL: |  1  2  3  4 |
---------------+-------------+-----
Ranged Weapons | 4 |  4.7
Fighting       | 3 |  3.5
Armour         | 1 |  1.9
Dodging        | |  2.3
Stealth        | |  0.7

Action                     |  1- 3 |  4- 6 || total
---------------------------+-------+-------++-------
   Fire: Shortbow          |   102 |    93 ||   195
    Use: Scroll            |     5 |     2 ||     7
         Potion            |       |     1 ||     1
 Armour: Leather armour    |    27 |       ||    27
         Ring mail         |       |    57 ||    57
  Dodge: Dodged            |    60 |    49 ||   109

Table legend:
 A = Non-vault XP
 B = Vault XP
 C = Vault XP percentage of total XP
 D = Non-vault monster count
 E = Vault monster count
 F = Vault count percentage of total count
                 A         B        C        D         E       F
            +---------+---------+-------+---------+---------+-------
      Total |     225 |      75 |  25.0 |      59 |       2 |   3.3
            +---------+---------+-------+---------+---------+-------
        D:1 |      31 |       0 |   0.0 |      19 |       0 |   0.0
        D:2 |      48 |      37 |  43.5 |      20 |       1 |   4.8
        D:3 |     146 |      38 |  20.7 |      20 |       1 |   4.8
            +---------+---------+-------+---------+---------+-------
